 Dungeon Crawl Stone Soup version 0.21.1-1-g345015f (webtiles) character file.

2716 Fang the Cleaver (level 9, -6/85 HPs)
             Began as a Gargoyle Berserker on May 23, 2018.
             Was a High Priest of Trog.
             Mangled by a gnoll
             ... wielding a +0 halberd
              (19 damage)
             ... in a bailey on May 24, 2018.
             The game lasted 00:12:34 (6650 turns).

Fang the Cleaver (Gargoyle Berserker)               Turns: 6650, Time: 00:12:35

Health: -6/85      AC: 10    Str: 30    XL:     9   Next: 66%
Magic:  3/3        EV: 14    Int: 11    God:    Trog [*****.]
Gold:   129        SH:  0    Dex:  9    Spells: 8/8 levels left

rFire    . . .     SeeInvis .   j - +2 battleaxe (antimagic)
rCold    . . .     Gourm    +   (shield currently unavailable)
rNeg     + . .     Faith    .   b - +2 animal skin
rPois    ∞         Spirit   .   (no helmet)
rElec    +         Reflect  .   (no cloak)
rCorr    .         Harm     .   (no gloves)
MR       .....                  (no boots)
Stlth    ..........             x - amulet of the gourmand
HPRegen  0.24/turn              (no ring)
MPRegen  0.08/turn              y - +4 ring of intelligence

@: berserking, very quick
A: negative energy resistance 1, electricity resistance, unbreathing,
petrification resistance, rot immunity, AC +6
a: Berserk, Trog's Hand, Brothers in Arms, Burn Spellbooks, Renounce Religion


You were in a bailey.
You worshipped Trog.
Trog was extremely pleased with you.
You were very hungry.

You visited 2 branches of the dungeon, and saw 8 of its levels.
You also visited: Ossuary and Bailey.

You collected 369 gold pieces.
You spent 240 gold pieces at shops.

Inventory:

Hand Weapons
 a - a +0 hand axe of chopping
 j - a +2 antimagic battleaxe (weapon)
Armour
 b - a +2 animal skin (worn)
Jewellery
 k - an uncursed amulet of regeneration
 u - an uncursed ring of wizardry
 x - an amulet of the gourmand (around neck)
 y - a +4 ring of intelligence (right hand)
Wands
 d - a wand of paralysis (9)
 g - a wand of iceblast (8)
 p - a wand of random effects (28)
Scrolls
 i - 4 scrolls of teleportation
 l - 3 scrolls of remove curse
 w - 2 scrolls of blinking
 z - a scroll of fog {unknown}
Potions
 e - a potion of flight
 f - a potion of agility {unknown}
 h - 2 potions of berserk rage
 m - 3 potions of haste
 n - 8 potions of curing
 o - a potion of heal wounds
 q - a potion of brilliance
 r - a potion of cancellation {unknown}
 s - 5 potions of mutation
 t - 2 potions of might
 v - a potion of ambrosia {unknown}
Comestibles
 c - 9 rations


   Skills:
 + Level 7.0 Fighting
 + Level 8.9 Axes
 + Level 3.4 Armour
 + Level 5.0 Dodging
 + Level 3.7 Stealth


You had 8 spell levels left.
You didn't know any spells.

Dungeon Overview and Level Annotations

Branches:
Dungeon (7/15)             Temple (1/1) D:5

Altars:
Ashenzari
Cheibriados
Dithmenos
Elyvilon
Fedhas
Gozag
Hepliaklqana
Kikubaaqudgha
Makhleb
Nemelex Xobeh
Okawaru
Ru
Sif Muna
Trog
Vehumet
Wu Jian
Xom
Yredelemnul
Zin

Shops:
D:4 ?


Innate Abilities, Weirdness & Mutations

You are resistant to torment.
Your stone body is resilient. (AC +6)
You are immune to poison.
You resist negative energy. (rN+)
You are resistant to electric shocks. (rElec)
You can survive without breathing.
You are immune to petrification.
You are immune to rotting.


Message History

A red film seems to cover your vision as you go berserk!
You feel yourself moving faster!
You feel mighty!
You are feeling very hungry.
The kobold closely misses you. The gnoll closely misses you.
The gnoll hits you from afar with a halberd!
* * * LOW HITPOINT WARNING * * *
The hobgoblin throws a tomahawk of returning.
The tomahawk of returning closely misses you.
The weapon returns to the hobgoblin!
The gnoll hits you but does no damage. The hobgoblin hits you.
* * * LOW HITPOINT WARNING * * *
You slice the hobgoblin like a ripe choko!!!
You kill the hobgoblin!
Trog accepts your kill.
You closely miss the kobold. The kobold closely misses you.
The gnoll misses you.
The hobgoblin throws a tomahawk of returning.
The tomahawk of returning misses you.
The weapon returns to the hobgoblin!
The gnoll hits you from afar with a halberd!!
You die... ## ## '.# #. # #'##'##' #.....# ###.....## #.'..g..' .. #..gK!# KK#

#..g(@## #g#
#'##g##'## #g#.# #
##.# ## ### #### ###
#'# .###.###)#.#
#.###.#
#(##'##'###'##'##'##
##.(...## #.....##
##.....#####.....###
.(.(∩..'.#.)).⌠..'.#


You could see 3 gnolls, a hobgoblin and a kobold.

Vanquished Creatures
  2 wraiths (Ossuary)
  An ice beast (D:5)
  An orc warrior (D:7)
  2 sky beasts (D:5)
  3 ogres
  A phantom (D:5)
  2 centaurs (D:5)
  A big kobold (D:4)
  2 bullfrogs (D:7)
  A gnoll sergeant (D:7)
  A scorpion (D:6)
  5 wights (Ossuary)
  A howler monkey (D:4)
  5 orc priests
  A hound (D:5)
  A jelly (D:6)
  A centaur skeleton (D:5)
  An iguana (D:5)
  5 orc wizards
  4 worker ants (D:4)
  2 hound skeletons
  20 gnolls
  9 adders
  2 river rats (D:5)
  A shadow imp (D:5)
  An ooze (D:2)
  An adder zombie (D:4)
  4 worms
  2 leopard geckos
  22 orcs
  7 bats
  7 giant cockroaches
  7 goblins
  18 hobgoblins
  11 jackals
  9 ball pythons
  3 ball python skeletons (Ossuary)
  5 frilled lizards
  2 gnoll zombies (D:6)
  A hobgoblin zombie (Ossuary)
  25 kobolds
  A leopard gecko skeleton (D:4)
  An orc skeleton (Ossuary)
  An orc zombie (Ossuary)
  7 rats
210 creatures vanquished.

Notes
Turn   | Place    | Note
-------+----------+-------------------------------------------
     0 | D:1      | Fang the Gargoyle Berserker began the quest for the Orb.
     0 | D:1      | Reached XP level 1. HP: 14/14 MP: 1/1
   203 | D:1      | Reached XP level 2. HP: 18/19 MP: 2/2
   246 | D:1      | Reached skill level 3 in Axes
   647 | D:2      | Found a faded altar of an unknown god.
   753 | D:2      | Reached XP level 3. HP: 19/24 MP: 3/3
   779 | D:2      | Reached ** piety under Trog
  1156 | D:2      | Reached XP level 4. HP: 18/29 MP: 4/4
  1790 | D:3      | Reached skill level 4 in Axes
  1790 | D:3      | Reached XP level 5. HP: 12/33 MP: 5/5
  1877 | D:3      | Noticed an ogre
  1887 | D:3      | Killed an ogre
  1887 | D:3      | Reached XP level 6. HP: 21/38 MP: 6/6
  2210 | D:3      | Found a blossoming altar of Fedhas.
  2294 | D:3      | Reached *** piety under Trog
  2395 | D:3      | Reached skill level 5 in Axes
  2647 | D:3      | Found an ancient bone altar of Kikubaaqudgha.
  2803 | D:4      | Reached skill level 1 in Stealth
  2878 | D:4      | Found a sand-covered staircase.
  2889 | D:4      | Reached XP level 7. HP: 44/44 MP: 7/7
  2936 | Ossuary  | Entered an ossuary
  3052 | Ossuary  | Noticed a flying skull
  3052 | Ossuary  | Noticed a wraith
  3094 | Ossuary  | Noticed a wraith
  3103 | Ossuary  | Killed a wraith
  3103 | Ossuary  | Reached skill level 5 in Fighting
  3103 | Ossuary  | Reached skill level 6 in Axes
  3190 | Ossuary  | Noticed a flying skull
  3191 | Ossuary  | Noticed a flying skull
  3227 | Ossuary  | Noticed a wraith
  3234 | Ossuary  | Killed a wraith
  3234 | Ossuary  | Reached XP level 8. HP: 49/49 MP: 8/8
  3279 | Ossuary  | Noticed a flying skull
  3282 | Ossuary  | Noticed a flying skull
  3411 | D:4      | Reached **** piety under Trog
  3614 | D:4      | Found a white marble altar of Elyvilon.
  3655 | D:4      | Reached skill level 7 in Axes
  3804 | D:4      | Found Nuhin's Magic Scroll Boutique.
  3811 | D:4      | Bought a scroll of brand weapon for 240 gold pieces
  4070 | D:5      | Entered Level 5 of the Dungeon
  4306 | D:5      | Reached XP level 9. HP: 53/55 MP: 9/9
  4318 | D:5      | Found a staircase to the Ecumenical Temple.
  4439 | D:5      | Reached skill level 8 in Axes
  4443 | D:5      | Found a bloodstained altar of Trog.
  4622 | D:5      | Reached ***** piety under Trog
  4936 | Temple   | Entered the Ecumenical Temple
  5129 | D:6      | Found a burning altar of Makhleb.
  5351 | D:6      | Found a sacrificial altar of Ru.
  5563 | D:6      | Received a gift from Trog
  5695 | D:6      | Found a basalt altar of Yredelemnul.
  6037 | D:7      | Reached skill level 5 in Dodging
  6359 | D:7      | Found a flagged portal.
  6380 | Bailey   | Entered a bailey
  6650 | Bailey   | Mangled by a gnoll

Skill      XL: |  1  2  3  4  5  6  7  8  9 |
---------------+----------------------------+-----
Axes           | 3 4 5 6 7 8 |  8.9
Dodging        | 2 3 4 5 |  5.0
Fighting       | 4 5 6 7 |  7.0
Armour         | 3 |  3.4
Stealth        | 1 2 3 |  3.7

Action                   |  1- 3 |  4- 6 |  7- 9 || total
-------------------------+-------+-------+-------++-------
Melee: Hand axe          |   139 |   201 |   352 ||   692
       Battleaxe         |       |       |    83 ||    83
Invok: Berserk           |       |     5 |    10 ||    15
       Burn Spellbooks   |       |       |     3 ||     3
  Use: Scroll            |       |     8 |     8 ||    16
 Stab: Sleeping          |     1 |       |     6 ||     7
       Distracted        |       |       |     1 ||     1
  Eat: Chunk             |       |    10 |    19 ||    29
       Ration            |       |       |     1 ||     1
Armor: Animal skin       |    26 |     4 |   141 ||   171
       Leather armour    |    12 |    57 |       ||    69
       Skin              |       |     2 |       ||     2
Dodge: Dodged            |   110 |   124 |   336 ||   570
